 Dungeon Crawl Stone Soup version 0.30.1-9-gdf580d7c3d (webtiles) character file.

Game seed: 17048718267277920523

139 Jerry the Trooper (level 5, -1/47 HPs)
             Began as a Hill Orc Fighter on Sept 28, 2023.
             Slain by a black bear (3 damage)
             ... on level 4 of the Dungeon.
             The game lasted 00:04:50 (3448 turns).

Jerry the Trooper (Hill Orc Fighter)                Turns: 3448, Time: 00:04:51

Health: -1/47      AC:  8    Str: 19    XL:     5   Next: 22%
Magic:  5/5        EV:  9    Int: 10    God:
Gold:   172        SH:  4    Dex: 10    Spells: 4/4 levels left

rFire   . . .        a - +0 war axe
rCold   . . .        c - +0 buckler
rNeg    . . .        b - +0 scale mail
rPois   .            (no helmet)
rElec   .            (no cloak)
rCorr   .            o - +0 pair of gloves
SInv    .            (no boots)
Will    +....        (no amulet) Stlth
                     f - ring of willpower
HPRegen 0.27/turn    (no ring)
MPRegen 0.09/turn

%: no passive effects
@: no status effects
A: no striking features
a: no special abilities


You were on level 4 of the Dungeon.
You visited 1 branch of the dungeon, and saw 4 of its levels.

You collected 172 gold pieces.

Inventory:

Hand Weapons
 a - a +0 war axe (weapon)
Armour
 b - a +0 scale mail (worn)
 c - a +0 buckler (worn)
 o - a +0 pair of gloves (worn)
Jewellery
 f - a ring of willpower (left hand)
 l - a ring of fire
Wands
 p - a wand of acid (5)
Scrolls
 e - 4 scrolls of identify {unknown}
 g - a scroll of noise {unknown}
 k - 2 scrolls of poison {unknown}
 m - a scroll of brand weapon {unknown}
 n - a scroll of teleportation {unknown}
Potions
 d - a potion of heal wounds {unknown}
 h - 2 potions of mutation {unknown}
 i - a potion of curing {unknown}
 j - a potion of degeneration {unknown}


   Skills:
 + Level 4.6 Fighting
 + Level 4.1 Axes
 + Level 4.2 Armour
 + Level 4.2 Shields


You had 4 spell levels left.
You didn't know any spells.
Your spell library contained the following spells:

 Spells                   Type           Power      Damage    Failure   Level
 Apportation              Tloc           0%         N/A       80%         1
 Necrotise                Necr           0%         1d4       80%         1
 Shock                    Conj/Air       0%         1d3       80%         1
 Summon Small Mammal      Summ           0%         N/A       80%         1
 Call Canine Familiar     Summ           0%         N/A       99%         3
 Inner Flame              Hex/Fire       0%         N/A       99%         3
 Summon Guardian Golem    Hex/Summ       0%         N/A       99%         3
 Swiftness                Air            0%         N/A       99%         3
 Airstrike                Air            0%         2d(0-16)  100%        4
 Yara's Violent Unravell  Hex/Tmut       0%         3d3       100%        5
 Enfeeble                 Hex            0%         N/A       100%        7


Dungeon Overview and Level Annotations

Branches:
Dungeon (4/15)
 Temple: D:4-7

Altars:
Fedhas


Message History

You block the black bear's attack. The black bear claws you.
The black bear barely misses you.
The black bear goes berserk!
You closely miss the black bear.
The black bear is almost dead.
The black bear barely misses you. You block the black bear's attack.
The black bear barely misses you. The black bear bites you.
The black bear claws you.
The black bear claws you but does no damage.
You closely miss the black bear.
The black bear is almost dead.
The black bear bites you!
The black bear claws you but does no damage.
The black bear closely misses you. The black bear bites you.
The black bear claws you but does no damage.
The black bear claws you.
You closely miss the black bear.
The black bear is almost dead.
The black bear bites you.
The black bear claws you but does no damage.
The black bear barely misses you.
You closely miss the black bear.
The black bear is almost dead.
The black bear barely misses you. You block the black bear's attack.
The black bear completely misses you. The black bear bites you.
The black bear claws you. You block the black bear's attack.
You hit the black bear.
The black bear is almost dead.
The black bear bites you.
* * * LOW HITPOINT WARNING * * *
You block the black bear's attack. The black bear barely misses you.
The black bear bites you.
* * * LOW HITPOINT WARNING * * *
The black bear claws you.
* * * LOW HITPOINT WARNING * * *
The black bear claws you.
* * * LOW HITPOINT WARNING * * *
The black bear bites you.
* * * LOW HITPOINT WARNING * * *
The black bear claws you.
You die...

##.....#..#.#..#
#........#
.......#..#....#
#........#
...............#
#........#
.........####.##
#........' .........#
#.# #........#
.........####..
#........#
........##.....#
#....#....
#######.##h##...
#.####....
#.##@##...##.####....
#....##..............
#.#####...##.##.##+##
#.# #.. +..........
... #. #..##.##.##
.... # #.....##.##
...... #.##...#.##
....... #.....[....
........#
....######...


You could see a black bear (berserk).

Vanquished Creatures
  Jessica (D:2)
  2 adders (D:3)
  4 worms
  2 dart slugs (D:3)
  An orc (D:3)
  8 bats
  3 endoplasms (D:1)
  4 giant cockroaches
  10 goblins
  4 hobgoblins
  3 jackals (D:4)
  8 kobolds
  7 quokkas
  6 ball pythons
  3 frilled lizards
  6 rats
72 creatures vanquished.

Notes
Turn   | Place    | Note
-------+----------+-------------------------------------------
     0 | D:1      | Jerry the Hill Orc Fighter began the quest for the Orb.
     0 | D:1      | Reached XP level 1. HP: 19/19 MP: 1/1
    36 | D:1      | Reached XP level 2. HP: 15/27 MP: 2/2
   369 | D:1      | Reached XP level 3. HP: 33/33 MP: 3/3
  1195 | D:2      | Identified the +1 leather armour of Fasydgh {rC- Str+10
                  | Int+3}
  1292 | D:2      | Noticed Jessica
  1300 | D:2      | Killed Jessica
  1301 | D:2      | Reached XP level 4. HP: 32/40 MP: 4/4
  2293 | D:3      | Found a blossoming altar of Fedhas.
  2498 | D:3      | Identified the +1 sling of Xoleushri {freeze, rPois Str+2}
  2884 | D:3      | Reached XP level 5. HP: 47/47 MP: 5/5
  3435 | D:4      | Noticed a black bear
  3448 | D:4      | HP: 2/47 [black bear (2)]
  3448 | D:4      | Slain by a black bear

Illustrated notes

Levels and vault maps discovered:
D:1:      nzn_arrival_depleted_hourglass, layout_basic
D:2:      layout_basic, serial_aquarium, aquarium_bridge_island_small
          [aquarium_subvault_small_open, aquarium_subvault_bridge,
          aquarium_subvault_bridge, aquarium_subvault_bridge,
          aquarium_subvault_window], aquarium_window_corridor_3,
          aquarium_window_double, aquarium_window_fake, aquarium_view_2c,
          aquarium_view_2e, aquarium_pool_side, uniq_jessica
D:3:      wad_woods_stonehenge, layout_basic
D:4:      minmay_wonky_spiral, layout_basic

Skill      XL: |  1  2  3  4 |
---------------+-------------+-----
Axes           | 3 4 |  4.1
Fighting       | 4 |  4.6
Shields        | 4 |  4.2
Armour         | 4 |  4.2

Action                     |  1- 3 |  4- 6 || total
---------------------------+-------+-------++-------
  Melee: War axe           |    73 |   163 ||   236
    Use: Potion            |       |     1 ||     1
 Armour: Scale mail        |    37 |    92 ||   129
  Dodge: Dodged            |    36 |    98 ||   134
  Block: Buckler           |    15 |    40 ||    55
